 Dungeon Crawl Stone Soup version bcrawl-1.21 (webtiles) character file.

Game seed: 13044716529060239173

73 Freyura the Poker (level 4, -1/35 HPs)
             Began as a Merfolk Gladiator on Feb 9, 2020.
             Slain by an orc wizard
             ... wielding a +0 dagger
              (3 damage)
             ... on level 3 of the Dungeon.
             The game lasted 00:02:53 (1488 turns).

Freyura the Poker (Merfolk Gladiator)               Turns: 1488, Time: 00:02:53

Health: -1/35      AC:  4    Str: 14    XL:     4   Next: 27%
Magic:  4/4        EV: 15    Int:  7    God:
Gold:   51         SH:  0    Dex: 16    Spells: 3/3 levels left

rFire    . . .     SeeInvis .   a - +0 trident
rCold    . . .     Gourm    .   (no shield)
rNeg     . . .     Faith    .   b - +0 leather armour
rPois    .         Spirit   .   c - +0 helmet
rElec    .         Reflect  .   (no cloak)
rCorr    .         Harm     .   (no gloves)
MR       .....                  (no boots)
Stlth    +.........             (no amulet)
HPRegen  0.11/turn              l - +1 ring of evasion
MPRegen  0.09/turn              (no ring)

@: confused
A: change form in water, swift swim, stealthy swim
a: no special abilities


You were on level 3 of the Dungeon.
You were not hungry.

You visited 1 branch of the dungeon, and saw 3 of its levels.

You collected 51 gold pieces.

Inventory:

Hand Weapons
 a - a +0 trident (weapon)
Missiles
 d - 3 throwing nets (quivered) {!f}
Armour
 b - a +0 leather armour (worn)
 c - a +0 helmet (worn)
Jewellery
 l - a +1 ring of evasion (left hand)
Wands
 p - a wand of paralysis (6)
Scrolls
 g - a scroll of remove curse
Potions
 f - a potion of curing {unknown}
 i - a potion of heal wounds {unknown}
 k - a potion of degeneration {unknown}
Comestibles
 e - 4 rations {!d}


   Skills:
 + Level 3.0 Fighting
 * Level 6.0 Polearms
 - Level 2.0 Throwing
 + Level 4.8 Dodging


You had 3 spell levels left.
You didn't know any spells.
Your spell library was empty.

Dungeon Overview and Level Annotations

Branches:
Dungeon (3/12)

Altars:


Message History

You hit the orc wizard but do no damage.
The orc wizard is almost dead.
The orc wizard closely misses you. The rat misses you.
You barely miss the orc wizard.
The orc wizard is almost dead.
The orc wizard looks encouraged for a moment.
The rat bites you.
* * * LOW HITPOINT WARNING * * *
You hit the orc wizard but do no damage.
The orc wizard is almost dead.
The orc wizard points at you and mumbles some strange words.
You are confused.
The rat misses you. The orc wizard casts a spell at you.
The puff of flame hits you!
* * * LOW HITPOINT WARNING * * *
The rat bites you but does no damage.
You hit the rat but do no damage.
The orc wizard hits you with a +0 dagger.
You die...

*,,,,*,,,,,**,*,****
******#(###.#*******,** *
*,,,,,......,,,,,,,,,,* *
*,****#.#..,********,,* *
*,* #.#.#,* *,,* * *,**
##.#.#,*##*****,,* *
*,,*##....#,..,,,,,,,,* *
**,##...o.#.#**,,,,,,,****
*,#....)@..#,,,,,,,,,,,**
*,##...r...#,,,,*,,,,,,,,
*,*##..........,,,,,,,,,,
**** *,*
##.#..##...#,*,,,,,,, ,,,**
*,* ###..#*,.##*,,,,,,,*
***,** *,* #..#*,*#
**,,,,,,* ****,*
*,*****#..#**,***,*****,*
,,**,****,,,,,,...#***,*,**
*,*
*,**,**,,,,,****,,,,,,,,,*
*,*


You could see an orc wizard and a rat.

Vanquished Creatures
  Jessica (D:2)
  A worm (D:2)
  A dart slug (D:2)
  4 leopard geckos
  2 orcs (D:3)
  A giant cockroach (D:1)
  3 goblins
  5 hobgoblins
  A jackal (D:1)
  2 ball pythons (D:3)
  7 bats
  2 frilled lizards (D:2)
  2 kobolds (D:1)
  5 rats
37 creatures vanquished.

Notes
Turn   | Place    | Note
-------+----------+-------------------------------------------
     0 | D:1      | Freyura the Merfolk Gladiator began the quest for the Orb.
     0 | D:1      | Reached XP level 1. HP: 16/16 MP: 1/1
   200 | D:1      | Reached XP level 2. HP: 13/23 MP: 2/2
   539 | D:1      | Reached skill level 5 in Polearms
   920 | D:2      | Reached XP level 3. HP: 26/28 MP: 3/3
  1009 | D:2      | Noticed Jessica
  1011 | D:2      | Killed Jessica
  1011 | D:2      | Reached XP level 4. HP: 33/34 MP: 4/4
  1479 | D:3      | Reached skill level 6 in Polearms
  1488 | D:3      | Slain by an orc wizard

Skill      XL: |  1  2  3  4 |
---------------+-------------+-----
Polearms       | 5 6 |  6.0
Fighting       | 3 |  3.0
Throwing       | |  2.0
Dodging        | |  4.8

Action                   |  1- 3 |  4- 6 || total
-------------------------+-------+-------++-------
Melee: Trident           |    62 |    44 ||   106
  Use: Scroll            |       |     7 ||     7
 Stab: Sleeping          |     7 |     1 ||     8
  Eat: Chunk             |       |     2 ||     2
Armor: Leather armour    |    11 |    15 ||    26
Dodge: Dodged            |    19 |    41 ||    60
